AoeStats
← [GDL] HANNIBAL

Black Forest

508595766Analyzed
4v4 RM · 9d ago on Sep 23, 2026· 26m 44s· 8 players
Game mode
Random Map
Map size
Large (8 player)
Population
200
Speed
Normal
Resources
Standard
Victory
Conquest
Starting age
Dark Age
Ending age
Imperial Age
RankedLock teamsTeams togetherTeam positionsShared explorationLock speedFull tech treeHidden civsTurbo modeCheats
Victory
Defeat
🇨🇳 Britons · China
1472
+12
🇨🇳 Varangians · China
1470
+12
🇦🇺 Persians · Australia
1418
+14
🇦🇷 Danes · Argentina
1344
+18
🇦🇷 Malay · Argentina
1437
-16
🇨🇳 Ethiopians · China
1399
-15
🇲🇽 Persians · Mexico
1379
-14
🇦🇷 Khmer · Argentina
1316
-11
[GDL] HANNIBAL
12:33 Feudal Age
13:38 Double-Bit Axe
16:00 Castle Age
16:49 Bow Saw
16:45 Fishing Lines
17:46 Gillnets
20:52 Wheelbarrow
21:30 Stone Mining
22:35 Hand Cart
22:02 Horse Collar
虾米最小的最色
11:13 Feudal Age
15:47 Castle Age
15:02 Double-Bit Axe
22:03 Wheelbarrow
24:36 Horse Collar
25:11 Bow Saw
297539664
1:24 Loom
13:50 Feudal Age
17:25 Castle Age
15:16 Double-Bit Axe
虾米
9:58 Feudal Age
8:44 Loom
25:04 Castle Age
23:48 Double-Bit Axe
25:21 Fishing Lines
BocaJuniorsElMasGrande
1:42 Loom
2:49 Loom
3:58 Loom
4:51 Loom
8:50 Feudal Age
8:12 Loom
8:56 Man-at-Arms
10:00 Loom
11:36 Arson
14:50 Loom
17:20 Double-Bit Axe
19:02 Horse Collar
19:04 Fishing Lines
24:06 Castle Age
22:18 Gold Mining
24:47 Scale Mail Armor
24:59 Forging
25:00 Bow Saw
24:51 Heavy Plow
25:27 Gold Shaft Mining
24:44 Gillnets
24:53 Long Swordsman
25:18 Gambesons
26:12 Gambesons
26:27 Squires
vectorJ
10:06 Feudal Age
9:14 Loom
14:43 Castle Age
13:22 Double-Bit Axe
13:44 Horse Collar
15:20 Bow Saw
19:50 Heavy Plow
21:00 Wheelbarrow
23:50 Gold Mining
24:24 Scale Barding Armor
24:31 Town Watch
25:27 Chain Barding Armor
26:39 Hand Cart
i'm a pupil
10:34 Feudal Age
11:03 Double-Bit Axe
11:37 Fishing Lines
20:33 Castle Age
19:50 Gold Mining
20:22 Scale Mail Armor
20:32 Forging
21:20 Gillnets
21:41 Bow Saw
21:43 Squires
22:33 Wheelbarrow
22:18 Loom
23:06 Chain Mail Armor
23:46 Hand Cart
25:59 Iron Casting
25:33 Arson
26:12 Gambesons
Prigozhin
1:33 Loom
11:32 Feudal Age
12:53 Double-Bit Axe
15:40 Castle Age
14:15 Gold Mining
17:37 Bow Saw
18:18 Fletching
20:22 Bodkin Arrow
23:12 Fishing Lines
25:50 Ballistics
Connection lost

Rejoining the realm…

Still unreachable

The connection could not be restored.

Session expired

The server has moved on; the page needs a fresh start.